 Dungeon Crawl Stone Soup version 0.19-a0-1320-g0178847 (webtiles) character file.

197 Amnesiac the Ruffian (level 5, 0/79 HPs)
             Began as a Troll Berserker on Aug 31, 2016.
             Was a Follower of Trog.
             Succumbed to an orc wizard's poison
             ... on level 6 of the Dungeon.
             The game lasted 00:03:18 (418 turns).

Amnesiac the Ruffian (Troll Berserker)               Turns: 418, Time: 00:03:19

Health: 0/79       AC: 22    Str: 25    XL:     5   Next: 46%
Magic:  4/4        EV:  1    Int:  3    God:    Trog [*.....]
Gold:   17         SH:  0    Dex: 15    Spells: 0 memorised, 4 levels left

rFire  . . .     SeeInvis .       - Unarmed
rCold  . . .     Gourm    +     (armour currently unavailable)
rNeg   + + +     Faith    .     (no shield)
rPois  +         Spirit   .     (helmet currently unavailable)
rElec  .         Dismiss  .     (cloak currently unavailable)
rCorr  .         Reflect  .     (gloves unavailable)
MR     .....     Harm     .     (boots unavailable)
Stlth  ++........ NoTele   +    (no amulet)
                                (no ring)
                                (no ring)

@: confused, agile, lethally poisoned (0 -> -10), exhausted, tree-form
(expiring), slowed, very slow
A: unfitting armour, (claws 0), fast metabolism 3, gourmand, regeneration 1,
(shaggy fur 0), (tough skin 0)
a: Berserk, Burn Spellbooks, Renounce Religion


You were on level 6 of the Dungeon.
You worshipped Trog.
Trog was aware of your devotion.
You were not hungry.
You were a tree.
You visited 1 branch of the dungeon, and saw 5 of its levels.

You collected 17 gold pieces.

Inventory:

Armour
 a - a +0 animal skin (melded)
Scrolls
 e - a scroll of enchant armour {unknown}
 g - a scroll of fog {unknown}
 h - a scroll of identify {unknown}
 j - a scroll of fear {unknown}
Comestibles
 b - 2 bread rations
 d - a slice of pizza
 i - 3 fruits


   Skills:
 + Level 3.6 Fighting
 - Level 2.4 Dodging
 * Level 5.3 Unarmed Combat


You had 4 spell levels left.
You didn't know any spells.

Dungeon Overview and Level Annotations

Branches:
Dungeon (6/15)             Temple (0/1) D:5

Altars:
Makhleb
Nemelex Xobeh


Innate Abilities, Weirdness & Mutations

You are too large for most types of armour.
((You have claws for hands.))
Your metabolism is lightning-fast.
You like to eat raw meat.
Your natural rate of healing is unusually fast.
((You are covered in fur. (AC +1)))
((You have very tough skin. (AC +2)))


Message History

Deactivating autopickup; reactivate with Ctrl-A.
You swing at nothing.
* * * LOW HITPOINT WARNING * * *
You feel sick.
The orc wizard hits you but does no damage.
Something hits you but does no damage.
The orc wizard hits you but does no damage.
Something hits you but does no damage.
You are more poisoned.
You aren't carrying any potions.
Unknown command.
You nearly hit yourself!
* * * LOW HITPOINT WARNING * * *
You feel very sick.
The orc wizard hits you but does no damage.
Something hits you but does no damage.
Unknown command.
You swing at nothing.
Your transformation is almost over.
You die...

#.##.#.. #.##.#.#
#.##<#.# #.##.#.#
#.##.#.###..#
#..........)#
####......####.#
#.........#
#..{♣##...#
#..##.)o..#...#
#....).)_......#
#....)#.....##...
........##....#
##.
..............#
........%..####
###........#
#....#<#.#


You could see an orc wizard.

Vanquished Creatures
  An ogre (D:6)
  A crimson imp (D:5)
  A hound (D:5)
  An orc wizard (D:6)
  A shadow imp (D:5)
  5 orcs
  A goblin (D:2)
  A hobgoblin (D:2)
  A kobold (D:1)
  A bat (D:2)
  2 giant newts
  A rat (D:2)
17 creatures vanquished.

Notes
Turn   | Place    | Note
-------+----------+-------------------------------------------
     0 | D:1      | Amnesiac the Troll Berserker began the quest for the Orb.
     0 | D:1      | Reached XP level 1. HP: 22/22 MP: 0/0
     2 | D:1      | You fall through a shaft!
   131 | D:2      | You fall through a shaft for 2 floors!
   131 | D:4      | Found a burning altar of Makhleb.
   136 | D:5      | Entered Level 5 of the Dungeon
   143 | D:5      | Noticed a crimson imp
   153 | D:5      | Killed a crimson imp
   153 | D:5      | Reached skill level 4 in Unarmed Combat
   153 | D:5      | Reached XP level 2. HP: 27/29 MP: 1/1
   153 | D:5      | Reached XP level 3. HP: 34/36 MP: 2/2
   170 | D:5      | Found a staircase to the Ecumenical Temple.
   177 | D:5      | Reached XP level 4. HP: 39/45 MP: 3/3
   377 | D:6      | Found a sparkling altar of Nemelex Xobeh.
   384 | D:6      | Noticed an ogre
   393 | D:6      | Killed an ogre
   393 | D:6      | Reached skill level 5 in Unarmed Combat
   393 | D:6      | Reached XP level 5. HP: 53/53 MP: 4/4
   417 | D:6      | HP: 1/79 [poisoned by an orc wizard]
   418 | D:6      | Succumbed to an orc wizard's poison

Vault maps used:
D:1:      mushboom_english_gardens
D:2:      lemuel_doored_altar, serial_glass, glass_columns_c, glass_columns_a,
          solitary_fountain
D:4:      cheibriados_altar_1, led_sif_pool, nicolae_overflow_hidden_temple
D:5:      first_bread, minmay_misc_feat_more_columns
D:6:      nicolae_overflow_crystal_walls, uniq_grinder

Skill      XL: |  1  2  3  4 |
---------------+-------------+-----
Unarmed Combat | 4 5 |  5.3
Fighting       | 3 |  3.6
Dodging        | |  2.4

Action                   |  1- 3 |  4- 6 || total
-------------------------+-------+-------++-------
Melee: Unarmed           |    17 |    32 ||    49
       Punch             |     1 |       ||     1
Invok: Berserk           |       |     1 ||     1
  Use: Potion            |       |     2 ||     2
  Eat: Chunk             |     4 |       ||     4
Armor: Animal skin       |     6 |     5 ||    11
       Skin              |       |    17 ||    17
Dodge: Dodged            |     5 |     9 ||    14
